 Dungeon Crawl Stone Soup version 0.25.1-2-g60ff931df9 (webtiles) character file.

Game seed: 3984493174793130263

2268 tempo the Thaumaturge (level 9, -21/49 HPs)
             Began as a Deep Elf Wizard on Sept 27, 2020.
             Was an Initiate of Vehumet.
             Killed from afar by a deep elf mage (28 damage)
             ... with a bolt of magma
             ... in a bailey.
             The game lasted 00:24:50 (6873 turns).

tempo the Thaumaturge (Deep Elf Wizard)             Turns: 6873, Time: 00:24:52

Health: -21/49     AC:  9    Str: 10    XL:     9   Next: 16%
Magic:  9/25       EV: 12    Int: 27    God:    Vehumet [......]
Gold:   219        SH:  0    Dex: 13    Spells: 17/28 levels left

rFire    . . .     SeeInvis .   m - +0 hand axe (venom)
rCold    . . .     Gourm    .   (no shield)
rNeg     . . .     Faith    .   r - +3 leather armour
rPois    .         Spirit   .   C - +0 helmet
rElec    .         Reflect  .   t - +0 cloak
rCorr    .         Harm     .   s - +0 pair of gloves
MR       .....                  (no boots)
Stlth    ++........             (no amulet)
HPRegen  0.16/turn              D - +6 ring of strength
MPRegen  0.19/turn              (no ring)

@: no status effects
A: no striking features
a: Renounce Religion


You were in a bailey.
You worshipped Vehumet.
Vehumet was noncommittal.
You were not hungry.

You visited 2 branches of the dungeon, and saw 8 of its levels.
You also visited: Bailey.

You collected 219 gold pieces.

Inventory:

Hand Weapons
 m - a +0 hand axe of venom (weapon)
Missiles
 e - 8 bolts
 g - 5 atropa-tipped darts (quivered)
Armour
 r - a +3 leather armour (worn)
 s - a +0 pair of gloves (worn)
 t - a +0 cloak (worn)
 C - a +0 helmet (worn)
Magical Staves
 v - an uncursed staff of death
 F - an uncursed staff of air {unknown}
Jewellery
 D - a +6 ring of strength (left hand)
Wands
 y - a wand of digging (6)
 B - a wand of flame (31)
 E - a wand of polymorph (9)
Scrolls
 b - 2 scrolls of magic mapping
 f - a scroll of remove curse {unknown}
 j - 15 scrolls of identify {unknown}
 k - 2 scrolls of amnesia {unknown}
 l - a scroll of enchant weapon {unknown}
 p - a scroll of fog {unknown}
 q - 2 scrolls of teleportation {unknown}
 A - a scroll of noise {unknown}
Potions
 c - a potion of resistance {unknown}
 h - 2 potions of might {unknown}
 i - a potion of berserk rage {unknown}
 n - 2 potions of heal wounds {unknown}
 o - a potion of flight {unknown}
 u - 2 potions of curing
 w - a potion of degeneration {unknown}
 x - 2 potions of stabbing {unknown}
 z - a potion of magic {unknown}
Comestibles
 d - 10 rations


   Skills:
 - Level 2.4 Fighting
 + Level 2.8 Armour
 - Level 2.4 Dodging
 - Level 2.4 Stealth
 * Level 10.2 Spellcasting
 * Level 7.6 Conjurations
 - Level 1.1 Summonings
 - Level 1.1 Translocations
 + Level 4.7 Fire Magic
 - Level 1.0 Air Magic
 - Level 1.0 Poison Magic
 - Level 1.0 Evocations


You had 17 spell levels left.
You knew the following spells:

 Your Spells              Type           Power        Failure   Level  Hunger
a - Magic Dart            Conj           ####         1%          1    None
b - Mephitic Cloud        Conj/Pois/Air  ####....     4%          3    None
c - Call Imp              Summ           ###.....     5%          2    None
d - Blink                 Tloc           N/A          5%          2    None
e - Conjure Flame         Conj/Fire      #####...     1%          3    None

Your spell library contained the following spells:

 Spells                   Type           Power        Failure   Level  Hunger
 Slow                     Hex            ##......     9%          2    None


Dungeon Overview and Level Annotations

Branches:
Dungeon (7/15)             Temple (1/1) D:6          Bailey (1/1)

Altars:
Cheibriados
Dithmenos
Elyvilon
Gozag
Nemelex Xobeh
Qazlal
Sif Muna
Trog
Vehumet
Wu Jian
Xom
Yredelemnul
The Shining One

Shops:
D:7 [

Annotations:
D:2 Scarf in cloud
D:7 Dowan


Message History

The deep elf mage blinks!
The deep elf mage casts a spell at you. The stone arrow misses you.
Unknown command.
Casting: Blink (safe; 5% risk of failure)
Confirm with . or Enter, or press ? or * to list all spells.
Aiming: Mephitic Cloud (dangerous; 4% risk of failure)
Press: ? - help, Shift-Dir - straight line, f/p - deep elf mage
Aim: a deep elf mage, wielding a +0 long sword (heavily wounded, confused) That beam is likely to hit you.
Continue anyway?
Okay, then.
Unknown command.
It was a potion of curing.
You feel better.
The deep elf mage hits you with a +0 long sword.
* * * LOW HITPOINT WARNING * * *
The deep elf mage hits you but does no damage.
The deep elf mage points at you and mumbles some strange words.
The bolt of magma hits you!!
Ouch! That really hurt!
You die...

. ... #..
#####'#
##....#
#.....#
#.@∩..#
#.ee.e#
##.°.##
#..##e####
#...
##)○.##
#...
#..EE.#
##..
#..§..#
###
##...##
#####


You could see 4 deep elf magi and a fire elemental (summoned).

Vanquished Creatures
  A deep elf mage (Bailey)
  A moth of wrath (D:3)
  Grinder (D:3)
  Menkaure (D:4)
  2 phantoms
  An ogre (D:4)
  A centaur (D:7)
  A scorpion (D:7)
  A howler monkey (D:6)
  A crimson imp (D:6)
  A jelly (D:5)
  2 bullfrog skeletons
  3 orc priests
  Crazy Yiuf (D:2)
  3 orc wizards
  A centaur skeleton (D:4)
  Jessica (D:3)
  4 worker ants
  A hound zombie (D:5)
  A howler monkey zombie (D:5)
  Robin (D:4)
  6 gnolls
  A howler monkey skeleton (D:6)
  9 adders
  3 oozes
  3 worms
  A dart slug (D:2)
  5 leopard geckos
  9 orcs
  A ball python (D:1)
  15 bats
  2 giant cockroaches
  11 hobgoblins
  4 jackals (D:1)
  5 kobolds
  4 quokkas
  5 frilled lizards
  17 goblins
  A quokka skeleton (D:4)
  10 rats
142 creatures vanquished.

Notes
Turn   | Place    | Note
-------+----------+-------------------------------------------
     0 | D:1      | tempo the Deep Elf Wizard began the quest for the Orb.
     0 | D:1      | Reached XP level 1. HP: 10/10 MP: 7/7
   198 | D:1      | Reached XP level 2. HP: 15/15 MP: 6/9
   541 | D:1      | Reached skill level 5 in Spellcasting
   743 | D:1      | Reached XP level 3. HP: 20/20 MP: 8/11
   794 | D:1      | Learned a level 3 spell: Mephitic Cloud
   799 | D:1      | Learned a level 2 spell: Call Imp
   802 | D:1      | Learned a level 2 spell: Blink
   806 | D:1      | Learned a level 3 spell: Conjure Flame
  1127 | D:1      | Reached skill level 1 in Fighting
  1247 | D:2      | Found a glowing golden altar of the Shining One.
  1247 | D:2      | Noticed an angel
  1400 | D:2      | Reached skill level 1 in Armour
  1472 | D:2      | Found a basalt altar of Yredelemnul.
  1499 | D:2      | Noticed a profane servitor
  1584 | D:2      | Reached XP level 4. HP: 25/25 MP: 8/13
  1949 | D:2      | Reached skill level 1 in Poison Magic
  2126 | D:2      | Found a runed translucent door.
  2127 | D:2      | Noticed Crazy Yiuf
  2141 | D:2      | Killed Crazy Yiuf
  2141 | D:2      | Reached XP level 5. HP: 22/29 MP: 5/15
  2788 | D:3      | Reached skill level 1 in Air Magic
  2820 | D:3      | Noticed Grinder
  3068 | D:3      | Noticed Jessica
  3071 | D:3      | Killed Jessica
  3071 | D:3      | Reached skill level 6 in Spellcasting
  3071 | D:3      | Reached skill level 1 in Fire Magic
  3139 | D:3      | Killed Grinder
  3139 | D:3      | Reached XP level 6. HP: 35/35 MP: 4/17
  3417 | D:3      | Noticed a moth of wrath
  3495 | D:3      | Found a bloodstained altar of Trog.
  3705 | D:4      | Found a sparkling altar of Nemelex Xobeh.
  3823 | D:4      | Reached skill level 7 in Spellcasting
  3823 | D:4      | Reached XP level 7. HP: 39/39 MP: 11/19
  3960 | D:3      | Killed a moth of wrath
  3960 | D:3      | Reached skill level 8 in Spellcasting
  3960 | D:3      | Reached skill level 5 in Conjurations
  4159 | D:4      | Reached XP level 8. HP: 40/45 MP: 12/22
  4172 | D:4      | Reached skill level 1 in Evocations
  4293 | D:4      | Noticed Robin
  4303 | D:4      | Killed Robin
  4346 | D:4      | Noticed Menkaure
  4360 | D:4      | Killed Menkaure
  4634 | D:4      | Found a shadowy altar of Dithmenos.
  4752 | D:4      | Found a stormy altar of Qazlal.
  4901 | D:5      | Entered Level 5 of the Dungeon
  5036 | D:5      | Reached skill level 9 in Spellcasting
  5251 | D:5      | Found a snail-covered altar of Cheibriados.
  5257 | D:5      | Found a shimmering altar of Xom.
  6126 | D:6      | Found a shimmering blue altar of Sif Muna.
  6190 | D:6      | Found a staircase to the Ecumenical Temple.
  6200 | Temple   | Entered the Ecumenical Temple
  6210 | Temple   | Became a worshipper of Vehumet
  6306 | D:6      | Found an ornate altar of the Wu Jian Council.
  6557 | D:6      | You fall into a shaft and drop 1 floor!
  6558 | D:7      | Noticed Dowan
  6610 | D:7      | Found Toxkidosh's Antique Armour Boutique.
  6666 | D:7      | Found a flagged portal.
  6682 | Bailey   | Entered a bailey
  6833 | Bailey   | Noticed a deep elf mage
  6838 | Bailey   | Noticed a deep elf mage
  6853 | Bailey   | Killed a deep elf mage
  6853 | Bailey   | Reached skill level 10 in Spellcasting
  6853 | Bailey   | Reached XP level 9. HP: 39/49 MP: 14/25
  6860 | Bailey   | Noticed a deep elf mage
  6863 | Bailey   | Noticed a deep elf mage
  6871 | Bailey   | HP: 1/49 [fire elemental[a deep elf mage] (10)]
  6872 | Bailey   | Noticed a deep elf mage
  6873 | Bailey   | Killed from afar by a deep elf mage

Illustrated notes

Levels and vault maps discovered:
D:1:      eino_arrival_cavern_c, layout_loops_ring
D:2:      layout_rooms, grunt_temple_overflow_holy_war, uniq_crazy_yiuf_cottage
D:3:      layout_rooms, tgw_trog, moated_statue, uniq_grinder, uniq_jessica
D:4:      layout_loops_ring, nemelex_xobeh_ov_fountains_minmay,
          grunt_dithmenos_smoke_and_mirrors, grunt_qazlal_clouds, uniq_robin,
          uniq_menkaure
D:5:      layout_basic, lemuel_doored_altar, first_ration, xom_teletrap_fun
D:6:      layout_gridville, minmay_temple_entry_water_ring, serial_shops,
          nicolae_shop_window_shopping, basic_altar, led_sif_pool
D:7:      layout_cave_pods, enter_bailey_6, serial_shops, shop, uniq_duvessa
Temple:   compressed_dpeg_triangle_lava_temple
Bailey:   bailey_polearm_3, bailey

Skill      XL: |  1  2  3  4  5  6  7  8 |
---------------+-------------------------+-----
Spellcasting   | 5 6 7 8 10 | 10.2
Fighting       | 1 2 |  2.4
Conjurations   | 2 4 5 7 |  7.6
Armour         | 1 2 |  2.8
Poison Magic   | 1 |  1.0
Air Magic      | 1 |  1.0
Fire Magic     | 1 2 3 4 |  4.7
Evocations     | 1 |  1.0
Dodging        | |  2.4
Stealth        | |  2.4
Summonings     | |  1.1
Translocations | |  1.1

Action                   |  1- 3 |  4- 6 |  7- 9 || total
-------------------------+-------+-------+-------++-------
Melee: Hand axe          |    10 |     6 |    84 ||   100
Throw: Dart              |     1 |       |       ||     1
 Cast: Magic Dart        |    89 |   105 |   126 ||   320
       Mephitic Cloud    |       |     4 |    17 ||    21
       Conjure Flame     |       |     1 |     9 ||    10
       Blink             |       |     1 |     1 ||     2
Evoke: Wand              |       |       |     1 ||     1
  Use: Scroll            |       |       |     2 ||     2
       Potion            |       |       |     1 ||     1
 Stab: Confused          |       |     1 |     5 ||     6
  Eat: Chunk             |     2 |     7 |     9 ||    18
Armor: Robe              |     1 |       |       ||     1
       Leather armour    |     2 |     5 |    61 ||    68
Dodge: Dodged            |    21 |     2 |    73 ||    96
